 Dungeon Crawl Stone Soup version 0.21.1-1-g345015fe64 (webtiles) character file.

1784 Kholdaimon the Charmwright (level 9, -3/69 HPs)
             Began as a Gnoll Skald on June 21, 2018.
             Was an Initiate of Okawaru.
             Killed by nerve-wracking pain
             ... invoked by an orc priest
              (7 damage)
             ... on level 6 of the Dungeon.
             The game lasted 00:55:20 (7248 turns).

Kholdaimon the Charmwright (Gnoll Skald)            Turns: 7248, Time: 00:55:21

Health: -3/69      AC:  8    Str: 20    XL:     9   Next: 8%
Magic:  13/18      EV: 14    Int: 16    God:    Okawaru [......]
Gold:   275        SH:  0    Dex: 15    Spells: 12/20 levels left

rFire    . . .     SeeInvis .   x - +6 hand axe of Greatest Utility {chop, rElec}
rCold    . . .     Gourm    .   (no shield)
rNeg     . . .     Faith    .   m - +1 ring mail
rPois    .         Spirit   .   z - +0 helmet
rElec    +         Reflect  .   (no cloak)
rCorr    .         Harm     .   (no gloves)
MR       .....                  (no boots)
Stlth    ++........             (no amulet)
HPRegen  1.21/turn              k - +4 ring of strength
MPRegen  0.16/turn              (no ring)

@: lethally poisoned (-3 -> -4), shrouded, regenerating (expiring)
A: distributed training, fangs 1, strong nose
a: Renounce Religion


You were on level 6 of the Dungeon.
You worshipped Okawaru.
Okawaru was noncommittal.
You were not hungry.

You visited 1 branch of the dungeon, and saw 7 of its levels.
You visited the Abyss 1 time.

You collected 321 gold pieces.
You spent 46 gold pieces at shops.

Inventory:

Hand Weapons
 h - a +0 great sword
 r - a +0 longbow
 s - a +3 dagger of draining
 x - the +6 hand axe of Greatest Utility (weapon) {chop, rElec}
   (You found it on level 4 of the Dungeon)

   It inflicts extra damage upon your enemies.
   It insulates you from electricity.
 I - a +2 antimagic trident
 J - a +4 antimagic dagger
Missiles
 b - 20 bolts
 g - 156 stones (quivered)
 n - 2 throwing nets
 p - 68 arrows
 C - 27 sling bullets
Armour
 m - a +1 ring mail (worn)
 z - a +0 helmet (worn)
Jewellery
 k - a +4 ring of strength (left hand)
Wands
 B - a wand of disintegration (7)
 K - a wand of polymorph (7)
Scrolls
 f - 2 scrolls of random uselessness {unknown}
 j - a scroll of teleportation
 l - a scroll of magic mapping {unknown}
 w - a scroll of enchant weapon {unknown}
 y - a scroll of blinking
Potions
 a - a potion of haste {unknown}
 e - 2 potions of curing
 i - 2 potions of agility
 o - 2 potions of heal wounds {unknown}
 q - 2 potions of lignification
 t - a potion of might {unknown}
 D - a potion of brilliance {unknown}
 F - 2 potions of mutation
 G - a potion of cancellation {unknown}
Books
 c - a book of Battle

   Spells                             Type                      Level
   a - Infusion                       Charms                       1
   b - Shroud of Golubria             Charms/Translocation         2
   c - Song of Slaying                Charms                       2
   d - Spectral Weapon                Hexes/Charms                 3
   e - Regeneration                   Charms/Necromancy            3
 E - a book of Cantrips

   Spells                             Type                      Level
   a - Confusing Touch                Hexes                        1
   b - Animate Skeleton               Necromancy                   1
   c - Summon Small Mammal            Summoning                    1
   d - Apportation                    Translocation                1
Comestibles
 d - 15 rations


   Skills:
 + Level 6.0 Fighting
 + Level 3.8 Short Blades
 + Level 3.8 Long Blades
 + Level 6.0 Axes
 + Level 3.8 Maces & Flails
 + Level 3.8 Polearms
 + Level 3.8 Staves
 + Level 3.8 Slings
 + Level 3.8 Bows
 + Level 3.8 Crossbows
 + Level 3.8 Throwing
 + Level 4.6 Armour
 + Level 6.0 Dodging
 + Level 3.8 Stealth
 + Level 3.8 Shields
 + Level 3.8 Unarmed Combat
 + Level 6.3 Spellcasting
 + Level 3.1 Conjurations
 + Level 3.1 Hexes
 + Level 6.3 Charms
 + Level 3.1 Summonings
 + Level 3.1 Necromancy
 + Level 3.1 Translocations
 + Level 3.1 Transmutations
 + Level 3.1 Fire Magic
 + Level 3.1 Ice Magic
 + Level 3.1 Air Magic
 + Level 3.1 Earth Magic
 + Level 3.1 Poison Magic
 + Level 4.2 Invocations
 + Level 3.8 Evocations


You had 12 spell levels left.
You knew the following spells:

 Your Spells              Type           Power        Failure   Level  Hunger
a - Infusion              Chrm           ####         1%          1    None
b - Shroud of Golubria    Chrm/Tloc      ###.......   4%          2    None
c - Regeneration          Chrm/Necr      ###.......   9%          3    ##.....
d - Animate Skeleton      Necr           N/A          6%          1    None
e - Apportation           Tloc           ###...       6%          1    None


Dungeon Overview and Level Annotations

Branches:
Dungeon (7/15)
 Temple: D:4-7

Altars:
Dithmenos
Elyvilon
Gozag
Okawaru
Qazlal
Trog
Uskayaw
Wu Jian
The Shining One

Shops:
D:4 *   D:5 }

Annotations:
D:7 exclusion: upstairs


Innate Abilities, Weirdness & Mutations

Your experience applies equally to all skills.
You have very sharp teeth.
Your uncanny sense of smell can sniff out nearby items.


Message History

You closely miss the orc wizard.
You feel sick.
The orc wizard hits you but does no damage.
The orc priest misses you.
You hit the orc priest but do no damage.
You bite the orc priest, but do no damage.
The orc priest is severely wounded.
You hit the orc wizard.
You feel sick.
The orc wizard hits you but does no damage.
The orc priest mumbles some strange prayers to Beogh against you.
Pain shoots through your body!
* * * LOW HITPOINT WARNING * * *
The orc wizard hits you but does no damage.
Casting: Regeneration
Confirm with . or Enter, or press ? or * to list all spells.
Space distorts slightly along a thin shroud covering your body.
You feel sick.
The orc wizard hits you but does no damage.
The orc priest mumbles some strange prayers to Beogh against you.
Pain shoots through your body!
You die...

### #.# #.# #.# #.#
#.# ## ##### #)####
##. ....## ##[@o.####
##.. .....#
##.##o....### ###..#
.....##
##.###)###..>####...##
......#
##.###.(#...#......###
......#
##.####...._...##..###
......####.##
#..(......#.....#
.......##.##
#...............#
.......#..#
#...(.⌠.........#
.........##
##..............##


You could see an orc priest and an orc wizard.

Vanquished Creatures
  A water moccasin (D:5)
  3 ogres
  An orc warrior (D:6)
  2 eyes of draining (D:5)
  A centaur (D:6)
  A bullfrog (D:3)
  A scorpion (D:6)
  A bullfrog zombie (D:6)
  A centaur zombie (D:5)
  A centaur skeleton (D:5)
  3 orc priests (D:6)
  3 hounds
  3 jellies
  5 orc wizards
  A bullfrog skeleton (D:4)
  3 iguanas (D:4)
  Natasha (twice) (D:3)
  2 worker ants
  A hound zombie (D:5)
  A worker ant zombie (D:5)
  5 gnolls
  5 adders
  2 shadow imps
  3 oozes
  4 worms
  3 dart slugs
  7 leopard geckos
  11 orcs
  A ball python (D:5)
  6 giant cockroaches
  16 hobgoblins
  2 quokkas
  9 bats
  3 frilled lizards (D:2)
  11 goblins
  A jackal skeleton (D:7)
  10 kobolds
  6 rats
142 creatures vanquished.

Notes
Turn   | Place    | Note
-------+----------+-------------------------------------------
     0 | D:1      | Kholdaimon the Gnoll Skald began the quest for the Orb.
     0 | D:1      | Reached XP level 1. HP: 20/20 MP: 6/6
   191 | D:1      | Reached XP level 2. HP: 26/26 MP: 7/7
   372 | D:1      | Reached XP level 3. HP: 18/31 MP: 9/9
   536 | D:1      | Reached skill level 5 in Spellcasting
   708 | D:1      | Learned a level 2 spell: Shroud of Golubria
   712 | D:1      | Learned a level 3 spell: Regeneration
  1027 | D:1      | Reached skill level 1 in Invocations
  1328 | D:2      | Reached skill level 1 in Short Blades
  1328 | D:2      | Reached skill level 1 in Long Blades
  1328 | D:2      | Reached skill level 1 in Maces & Flails
  1328 | D:2      | Reached skill level 1 in Polearms
  1328 | D:2      | Reached skill level 1 in Staves
  1328 | D:2      | Reached skill level 1 in Slings
  1328 | D:2      | Reached skill level 1 in Bows
  1328 | D:2      | Reached skill level 1 in Crossbows
  1328 | D:2      | Reached skill level 1 in Throwing
  1328 | D:2      | Reached skill level 1 in Stealth
  1328 | D:2      | Reached skill level 1 in Shields
  1328 | D:2      | Reached skill level 1 in Unarmed Combat
  1328 | D:2      | Reached skill level 1 in Evocations
  1358 | D:2      | Reached XP level 4. HP: 37/38 MP: 4/11
  1834 | D:2      | Found a shadowy altar of Dithmenos.
  2150 | D:2      | Reached skill level 1 in Conjurations
  2150 | D:2      | Reached skill level 1 in Hexes
  2150 | D:2      | Reached skill level 1 in Summonings
  2150 | D:2      | Reached skill level 1 in Necromancy
  2150 | D:2      | Reached skill level 1 in Translocations
  2150 | D:2      | Reached skill level 1 in Transmutations
  2150 | D:2      | Reached skill level 1 in Fire Magic
  2150 | D:2      | Reached skill level 1 in Ice Magic
  2150 | D:2      | Reached skill level 1 in Air Magic
  2150 | D:2      | Reached skill level 1 in Earth Magic
  2150 | D:2      | Reached skill level 1 in Poison Magic
  2291 | D:3      | Noticed Natasha
  2293 | D:3      | Noticed a bullfrog
  2299 | D:3      | Killed Natasha
  2299 | D:3      | Reached XP level 5. HP: 43/43 MP: 6/12
  2330 | D:3      | Found a glowing golden altar of the Shining One.
  2360 | D:3      | Reached XP level 6. HP: 9/50 MP: 0/13
  3116 | D:3      | Reached skill level 5 in Fighting
  3116 | D:3      | Reached skill level 5 in Axes
  3116 | D:3      | Reached skill level 5 in Dodging
  3144 | D:3      | Learned a level 1 spell: Animate Skeleton
  3146 | D:3      | Learned a level 1 spell: Apportation
  3194 | D:3      | Noticed Natasha
  3205 | D:3      | Killed Natasha
  3939 | D:4      | You fall through a shaft for 3 floors!
  3967 | D:6      | Found an opulent altar of Gozag.
  3968 | D:6      | Found an ornate altar of the Wu Jian Council.
  4009 | D:6      | Reached XP level 7. HP: 53/56 MP: 15/15
  4708 | D:5      | Entered Level 5 of the Dungeon
  4713 | D:5      | Got a warped hand axe
  4814 | D:5      | Found Vaucal's Gadget Emporium.
  4859 | D:5      | Reached XP level 8. HP: 56/63 MP: 5/16
  4977 | D:4      | Got a transparent hand axe
  5104 | D:4      | Found Zudo's Assorted Antiques.
  5107 | D:4      | Bought a scroll of identify for 46 gold pieces
  5789 | D:5      | Identified the cursed +2 hand axe "Monoiq" {chop, rN+ Int+4 Dex-5} (You found it on level 5 of the Dungeon)
  5966 | D:5      | Found a white marble altar of Elyvilon.
  6074 | D:5      | Found a hide-covered altar of Uskayaw.
  6357 | D:5      | Found a bloodstained altar of Trog.
  6567 | D:5      | Found a stormy altar of Qazlal.
  6819 | D:6      | Cast into level 2 of the Abyss (a distortion unwield)
  6831 | Abyss:2  | Found a corrupted altar of Lugonu.
  6846 | D:6      | Escaped the Abyss
  6882 | D:6      | Identified the +6 hand axe of Greatest Utility {chop, rElec} (You found it on level 4 of the Dungeon)
  7047 | D:6      | Found an iron altar of Okawaru.
  7055 | D:6      | Became a worshipper of Warmaster Okawaru
  7063 | D:6      | Reached XP level 9. HP: 69/69 MP: 18/18
  7247 | D:6      | HP: 3/69 [orc priest/nerve-wracking pain (5)]
  7248 | D:6      | Killed from afar by an orc priest

Skill      XL: |  1  2  3  4  5  6  7  8 |
---------------+-------------------------+-----
Spellcasting   | 5 6 |  6.3
Invocations    | 1 2 3 4 |  4.2
Short Blades   | 1 2 3 |  3.8
Long Blades    | 1 2 3 |  3.8
Maces & Flails | 1 2 3 |  3.8
Polearms       | 1 2 3 |  3.8
Staves         | 1 2 3 |  3.8
Slings         | 1 2 3 |  3.8
Bows           | 1 2 3 |  3.8
Crossbows      | 1 2 3 |  3.8
Throwing       | 1 2 3 |  3.8
Stealth        | 1 2 3 |  3.8
Shields        | 1 2 3 |  3.8
Unarmed Combat | 1 2 3 |  3.8
Evocations     | 1 2 3 |  3.8
Conjurations   | 1 2 3 |  3.1
Hexes          | 1 2 3 |  3.1
Summonings     | 1 2 3 |  3.1
Necromancy     | 1 2 3 |  3.1
Translocations | 1 2 3 |  3.1
Transmutations | 1 2 3 |  3.1
Fire Magic     | 1 2 3 |  3.1
Ice Magic      | 1 2 3 |  3.1
Air Magic      | 1 2 3 |  3.1
Earth Magic    | 1 2 3 |  3.1
Poison Magic   | 1 2 3 |  3.1
Armour         | 3 4 |  4.6
Fighting       | 5 6 |  6.0
Axes           | 5 6 |  6.0
Dodging        | 5 6 |  6.0
Charms         | 6 |  6.3

Action                   |  1- 3 |  4- 6 |  7- 9 || total
-------------------------+-------+-------+-------++-------
Melee: Hand axe          |   133 |   208 |     6 ||   347
       Bite              |     9 |    36 |    25 ||    70
       Punch             |     1 |       |     3 ||     4
       Dagger            |       |    19 |   109 ||   128
 Fire: Longbow           |       |       |    97 ||    97
Throw: Stone             |    23 |    35 |       ||    58
 Cast: Shroud of Golubri |     1 |     6 |     7 ||    14
       Infusion          |     1 |     6 |     3 ||    10
       Regeneration      |     1 |       |     6 ||     7
  Use: Scroll            |       |    10 |     6 ||    16
 Stab: Sleeping          |     2 |     1 |       ||     3
       Distracted        |       |     1 |       ||     1
  Eat: Chunk             |     1 |     9 |    11 ||    21
Armor: Leather armour    |    27 |    32 |       ||    59
       Ring mail         |       |     3 |    32 ||    35
Dodge: Dodged            |   118 |   181 |    77 ||   376
